Workbook

Sheet salarie CC
C6: Nom | D6: Prénom | E6: Code CC | F6: Désignation
C7: AUBRY | E7: 0104A5Q000 | F7: QSE
C8: BERTET | E8: 0104A1C300 | F8: Contrôle de gestion filères
C9: BERTET | E9: 0104A1C200 | F9: Contrôle de gestion métier
C10: BOEHM | E10: 0104A1C100 | F10: Contrôle de gestion siège
C11: BONNO | E11: 0104A1A000 | F11: Direction Générale
C12: BOUDEAU | E12: 0104A1A100 | F12: Communication
C13: BUIN | E13: 0104A6G060 | F13: Filière Environnement
C14: CARON | E14: 0104A1A000 | F14: Direction Générale
C15: CECCALDI | E15: 0104A1H000 | F15: Ressources humaines
C16: CHEMLA | E16: 0104A1H600 | F16: Juridique social
C17: COYAS | E17: 0104A1A000 | F17: Direction Générale
C18: DUMONT | E18: 0104A6G090 | F18: Filière Boulangerie Patisserie
... C109: YHUEL | E109: 0944A2D100 | F109: Achats domaine

Sheet map
A3: Étiquettes de lignes
A4: 425100 - AVANCES | B4: 42866000 | C4: NOTES DE FRAIS
A5: 615740 - ENTRETIEN ET REPARATION | B5: 61557000 | C5: ENTRETIEN, REPARATION MATERIEL TRANSPORT
A6: 618100 - DOCUMENTATION GENERALE | B6: 61810000 | C6: DOCUMENTATION GENERALE
A7: 623200 - ECHANTILLONS | B7: 62320000 | C7: ECHANTILLON
A8: 625140 - VOYAGES ET DEPLACEMENTS | B8: 62510000 | C8: VOYAGES ET DEPLACEMENTS HG
A9: 625600 - MISSIONS | B9: 62560000 | C9: MISSION HG
A10: 625700 - RECEPTIONS | B10: 62570000 | C10: RECEPTIONS
A11: 626240 - TELEPHONES | B11: 62620000 | C11: TELEPHONE HG
A12: (vide)
A13: Total général

Sheet Reporting (6)
A1: Critères de la recherche
A3: Société : | B3: ITME
A4: Structure : | B4: MOUS
A5: Codes structures dépendants : | B5: Oui
A6: Collaborateurs : | B6: Tous
A7: Statut : | B7: C1 - NF comptabilisée - en cours de paiement
A8: Frais remboursés : | B8: Du 01/02/2017 au 28/02/2017
A9: Devise : | B9: Euro
A12: Résultats de la recherche
A13: Collaborateur | B13: Note de Frais | C13: Compte comptable | D13: Date de création du Lot | E13: Nombre de NF | F13: Nombre de postes | G13: Montant HT | H13: Montant TVA | I13: Total TTC | J13: Montant à rembourser | K13: Montant payé par carte
A14: Total (100 Enregistrements) | E14: 45 | F14: 427 | G14: 20548.27 | H14: 2161.35 | I14: 22709.62 | J14: 22709.62 | K14: 0.00
A15: AUBRY | B15: R032463 | C15: 625140 - VOYAGES ET DEPLACEMENTS | D15: 2017-02-13 | E15: 1 | F15: 2 | G15: -5.5 | H15: -1.1 | I15: -6.6 | J15: -6.6 | L15: =H15/G15 -> 0.2
A16: AUBRY | B16: R032463 | C16: 625600 - MISSIONS | D16: 2017-02-13 | E16: 1 | F16: 2 | G16: 79.55 | H16: 7.95 | I16: 87.5 | J16: 87.5 | L16: =H16/G16 -> 0.099937146
A17: AUBRY | B17: R032463 | C17: 626240 - TELEPHONES | D17: 2017-02-13 | E17: 1 | F17: 1 | G17: 29.16 | H17: 5.83 | I17: 34.99 | J17: 34.99 | L17: =H17/G17 -> 0.19993141
A18: AUBRY | B18: R053243 | C18: 618100 - DOCUMENTATION GENERALE | D18: 2017-02-27 | E18: 1 | F18: 1 | G18: 19.59 | H18: 0.41 | I18: 20 | J18: 20 | L18: =H18/G18 -> 0.020929045
A19: AUBRY | B19: R053243 | C19: 623200 - ECHANTILLONS | D19: 2017-02-27 | E19: 1 | F19: 1 | G19: 20.45 | I19: 20.45 | J19: 20.45 | L19: =H19/G19 -> 0
A20: AUBRY | B20: R053243 | C20: 625140 - VOYAGES ET DEPLACEMENTS | D20: 2017-02-27 | E20: 1 | F20: 5 | G20: 71.85 | H20: 0.75 | I20: 72.6 | J20: 72.6 | L20: =H20/G20 -> 0.010438413
A21: BERTET | B21: LGNPT01 | C21: 625140 - VOYAGES ET DEPLACEMENTS | D21: 2017-02-13 | E21: 1 | F21: 3 | G21: 41.75 | H21: 8.35 | I21: 50.1 | J21: 50.1 | L21: =H21/G21 -> 0.2
A22: BERTET | B22: LGNPT01 | C22: 625600 - MISSIONS | D22: 2017-02-13 | E22: 1 | F22: 1 | G22: 59.09 | H22: 5.91 | I22: 65 | J22: 65 | L22: =H22/G22 -> 0.10001692
A23: BERTET | B23: LKX2D01 | C23: 625140 - VOYAGES ET DEPLACEMENTS | D23: 2017-02-13 | E23: 1 | F23: 3 | G23: 104.71 | H23: 8.57 | I23: 113.28 | J23: 113.28 | L23: =H23/G23 -> 0.081845096
A24: BERTET | B24: LKX2D01 | C24: 625600 - MISSIONS | D24: 2017-02-13 | E24: 1 | F24: 1 | G24: 77.45 | H24: 7.75 | I24: 85.2 | J24: 85.2 | L24: =H24/G24 -> 0.10006456
A25: BERTET | B25: LK36R01 | C25: 625140 - VOYAGES ET DEPLACEMENTS | D25: 2017-02-13 | E25: 1 | F25: 1 | G25: 117.01 | I25: 117.01 | J25: 117.01 | L25: =H25/G25 -> 0
A26: BERTET | B26: R041109 | C26: 625140 - VOYAGES ET DEPLACEMENTS | D26: 2017-02-13 | E26: 1 | F26: 2 | G26: 148 | I26: 148 | J26: 148 | L26: =H26/G26 -> 0
A27: BERTET | B27: R047437 | C27: 625140 - VOYAGES ET DEPLACEMENTS | D27: 2017-02-13 | E27: 1 | F27: 3 | G27: 101.18 | H27: 6.77 | I27: 107.95 | J27: 107.95 | L27: =H27/G27 -> 0.066910457
A28: BERTET | B28: R047437 | C28: 625600 - MISSIONS | D28: 2017-02-13 | E28: 1 | F28: 3 | G28: 147.68 | H28: 14.77 | I28: 162.45 | J28: 162.45 | L28: =H28/G28 -> 0.10001354
A29: BOUDEAU | B29: LMEJ401 | C29: 625140 - VOYAGES ET DEPLACEMENTS | D29: 2017-02-27 | E29: 1 | F29: 3 | G29: 95.53 | H29: 9.6 | I29: 105.13 | J29: 105.13 | L29: =H29/G29 -> 0.10049199
A30: BOUDEAU | B30: LMEJ401 | C30: 625600 - MISSIONS | D30: 2017-02-27 | E30: 1 | F30: 1 | G30: 86.27 | H30: 8.63 | I30: 94.9 | J30: 94.9 | L30: =H30/G30 -> 0.10003477
A31: BOUDEAU | B31: R048543 | C31: 625140 - VOYAGES ET DEPLACEMENTS | D31: 2017-02-27 | E31: 1 | F31: 2 | G31: 31.7 | H31: 6.34 | I31: 38.04 | J31: 38.04 | L31: =H31/G31 -> 0.2
A32: CECCALDI | B32: R036103 | C32: 625140 - VOYAGES ET DEPLACEMENTS | D32: 2017-02-13 | E32: 1 | F32: 6 | G32: 276.34 | H32: 2.05 | I32: 278.39 | J32: 278.39 | L32: =H32/G32 -> 0.0074183976
A33: CECCALDI | B33: R036103 | C33: 625600 - MISSIONS | D33: 2017-02-13 | E33: 1 | F33: 1 | G33: 89.77 | H33: 8.98 | I33: 98.75 | J33: 98.75 | L33: =H33/G33 -> 0.10003342
A34: CECCALDI | B34: R036103 | C34: 625700 - RECEPTIONS | D34: 2017-02-13 | E34: 1 | F34: 2 | G34: 856 | H34: 171.2 | I34: 1027.2 | J34: 1027.2 | L34: =H34/G34 -> 0.2
A35: CECCALDI | B35: R036167 | C35: 625140 - VOYAGES ET DEPLACEMENTS | D35: 2017-02-13 | E35: 1 | F35: 7 | G35: 224.29 | H35: 5.6 | I35: 229.89 | J35: 229.89 | L35: =H35/G35 -> 0.024967676
A36: CECCALDI | B36: R036167 | C36: 625600 - MISSIONS | D36: 2017-02-13 | E36: 1 | F36: 2 | G36: 166.27 | H36: 16.63 | I36: 182.9 | J36: 182.9 | L36: =H36/G36 -> 0.10001804
A37: CECCALDI | B37: R036167 | C37: 625700 - RECEPTIONS | D37: 2017-02-13 | E37: 1 | F37: 1 | G37: 59.25 | H37: 11.85 | I37: 71.1 | J37: 71.1 | L37: =H37/G37 -> 0.2
A38: COYAS | B38: R022047 | C38: 625140 - VOYAGES ET DEPLACEMENTS | D38: 2017-02-27 | E38: 1 | F38: 35 | G38: 1193.88 | H38: 48.67 | I38: 1242.55 | J38: 1242.55 | L38: =H38/G38 -> 0.040766241
... A40: COYAS | B40: R022047 | C40: 625700 - RECEPTIONS | D40: 2017-02-27 | E40: 1 | F40: 2 | G40: 179.37 | H40: 35.88 | I40: 215.25 | J40: 215.25 | L40: =H40/G40 -> 0.20003345
A41: DUMONT | B41: R037679 | C41: 625140 - VOYAGES ET DEPLACEMENTS | D41: 2017-02-13 | E41: 1 | F41: 6 | G41: 184.93 | I41: 184.93 | J41: 184.93 | L41: =H41/G41 -> 0
A42: DUMONT | B42: R037679 | C42: 625600 - MISSIONS | D42: 2017-02-13 | E42: 1 | F42: 10 | G42: 297.36 | H42: 29.74 | I42: 327.1 | J42: 327.1 | L42: =H42/G42 -> 0.10001345
A43: DURAND | B43: LMJ6501 | C43: 625140 - VOYAGES ET DEPLACEMENTS | D43: 2017-02-13 | E43: 1 | F43: 4 | G43: 166.3 | I43: 166.3 | J43: 166.3 | L43: =H43/G43 -> 0
A44: DURAND | B44: LMJ6501 | C44: 625600 - MISSIONS | D44: 2017-02-13 | E44: 1 | F44: 2 | G44: 116.09 | H44: 11.61 | I44: 127.7 | J44: 127.7 | L44: =H44/G44 -> 0.10000861
A45: DURAND | B45: LMSN601 | C45: 625140 - VOYAGES ET DEPLACEMENTS | D45: 2017-02-13 | E45: 1 | F45: 2 | G45: 163 | I45: 163 | J45: 163 | L45: =H45/G45 -> 0
A46: DURAND | B46: R038840 | C46: 625140 - VOYAGES ET DEPLACEMENTS | D46: 2017-02-13 | E46: 1 | F46: 2 | G46: 82.45 | H46: 3.35 | I46: 85.8 | J46: 85.8 | L46: =H46/G46 -> 0.040630685
A47: DURAND | B47: R038840 | C47: 625600 - MISSIONS | D47: 2017-02-13 | E47: 1 | F47: 1 | G47: 292.23 | H47: 29.22 | I47: 321.45 | J47: 321.45 | L47: =H47/G47 -> 0.099989734
A48: DURAND | B48: R038840 | C48: 625700 - RECEPTIONS | D48: 2017-02-13 | E48: 1 | F48: 2 | G48: 621.67 | H48: 124.33 | I48: 746 | J48: 746 | L48: =H48/G48 -> 0.19999357
A49: GRELAUD | B49: R023612 | C49: 615740 - ENTRETIEN ET REPARATION | D49: 2017-02-13 | E49: 1 | F49: 1 | G49: 17.67 | H49: 3.53 | I49: 21.2 | J49: 21.2 | L49: =H49/G49 -> 0.19977363
A50: GRELAUD | B50: R023612 | C50: 625140 - VOYAGES ET DEPLACEMENTS | D50: 2017-02-13 | E50: 1 | F50: 17 | G50: 638.4 | H50: 35.15 | I50: 673.55 | J50: 673.55 | L50: =H50/G50 -> 0.055059524
A51: GRELAUD | B51: R023612 | C51: 625600 - MISSIONS | D51: 2017-02-13 | E51: 1 | F51: 5 | G51: 508.75 | H51: 50.86 | I51: 559.61 | J51: 559.61 | L51: =H51/G51 -> 0.099970516
A52: GRELAUD | B52: R052503 | C52: 625140 - VOYAGES ET DEPLACEMENTS | D52: 2017-02-27 | E52: 1 | F52: 21 | G52: 933.76 | H52: 38.07 | I52: 971.83 | J52: 971.83 | L52: =H52/G52 -> 0.040770648
A53: GRELAUD | B53: R052503 | C53: 625600 - MISSIONS | D53: 2017-02-27 | E53: 1 | F53: 17 | G53: 929.77 | H53: 85.22 | I53: 1014.99 | J53: 1014.99 | L53: =H53/G53 -> 0.091657076
A54: GUIOT | B54: R030680 | C54: 625140 - VOYAGES ET DEPLACEMENTS | D54: 2017-02-27 | E54: 1 | F54: 4 | G54: 201.73 | H54: 32.28 | I54: 234.01 | J54: 234.01 | L54: =H54/G54 -> 0.16001586
A55: GUIOT | B55: R030680 | C55: 625600 - MISSIONS | D55: 2017-02-27 | E55: 1 | F55: 5 | G55: 340.96 | H55: 34.09 | I55: 375.05 | J55: 375.05 | L55: =H55/G55 -> 0.099982403
A56: JALLET | B56: R035549 | C56: 623200 - ECHANTILLONS | D56: 2017-02-13 | E56: 1 | F56: 1 | G56: 36.1 | I56: 36.1 | J56: 36.1 | L56: =H56/G56 -> 0
A57: JALLET | B57: R035549 | C57: 625140 - VOYAGES ET DEPLACEMENTS | D57: 2017-02-13 | E57: 1 | F57: 7 | G57: 201.15 | H57: 34.16 | I57: 235.31 | J57: 235.31 | L57: =H57/G57 -> 0.16982351
A58: JALLET | B58: R035549 | C58: 625600 - MISSIONS | D58: 2017-02-13 | E58: 1 | F58: 9 | G58: 942.3 | H58: 94.23 | I58: 1036.53 | J58: 1036.53 | L58: =H58/G58 -> 0.1
A59: JEROME | B59: R027062 | C59: 625140 - VOYAGES ET DEPLACEMENTS | D59: 2017-02-13 | E59: 1 | F59: 2 | G59: 14.5 | I59: 14.5 | J59: 14.5 | L59: =H59/G59 -> 0
A60: JEROME | B60: R027062 | C60: 625600 - MISSIONS | D60: 2017-02-13 | E60: 1 | F60: 1 | G60: 80.82 | H60: 8.08 | I60: 88.9 | J60: 88.9 | L60: =H60/G60 -> 0.099975254
A61: LEBEC | B61: R038262 | C61: 625140 - VOYAGES ET DEPLACEMENTS | D61: 2017-02-13 | E61: 1 | F61: 2 | G61: 77.01 | I61: 77.01 | J61: 77.01 | L61: =H61/G61 -> 0
A62: LEBEC | B62: R038262 | C62: 625600 - MISSIONS | D62: 2017-02-13 | E62: 1 | F62: 10 | G62: 844.94 | H62: 84.5 | I62: 929.44 | J62: 929.44 | L62: =H62/G62 -> 0.1000071
A63: LEBEC | B63: R038287 | C63: 625140 - VOYAGES ET DEPLACEMENTS | D63: 2017-02-27 | E63: 1 | F63: 2 | G63: 599.17 | H63: 93.83 | I63: 693 | J63: 693 | L63: =H63/G63 -> 0.15659996
A64: LEBEC | B64: R038287 | C64: 625600 - MISSIONS | D64: 2017-02-27 | E64: 1 | F64: 11 | G64: 539.87 | H64: 53.99 | I64: 593.86 | J64: 593.86 | L64: =H64/G64 -> 0.10000556
A65: LUZET | B65: R037777 | C65: 625140 - VOYAGES ET DEPLACEMENTS | D65: 2017-02-13 | E65: 1 | F65: 6 | G65: 102.44 | H65: 9.57 | I65: 112.01 | J65: 112.01 | L65: =H65/G65 -> 0.093420539
A66: LUZET | B66: R037777 | C66: 625600 - MISSIONS | D66: 2017-02-13 | E66: 1 | F66: 3 | G66: 137.04 | H66: 13.7 | I66: 150.74 | J66: 150.74 | L66: =H66/G66 -> 0.099970811
A67: MARKARIAN | B67: LNG3X01 | C67: 425100 - AVANCES | D67: 2017-02-27 | E67: 1 | F67: 1 | G67: -169.6 | I67: -169.6 | J67: -169.6 | L67: =H67/G67 -> 0
A68: MARKARIAN | B68: LNG3X01 | C68: 625140 - VOYAGES ET DEPLACEMENTS | D68: 2017-02-27 | E68: 1 | F68: 1 | G68: 152.9 | I68: 152.9 | J68: 152.9 | L68: =H68/G68 -> 0
A69: MARKARIAN | B69: LNG3X01 | C69: 625600 - MISSIONS | D69: 2017-02-27 | E69: 1 | F69: 2 | G69: 15.19 | H69: 1.51 | I69: 16.7 | J69: 16.7 | L69: =H69/G69 -> 0.099407505
A70: MERVEILLEUX | B70: R028856 | C70: 615740 - ENTRETIEN ET REPARATION | D70: 2017-02-13 | E70: 1 | F70: 1 | G70: 5 | H70: 1 | I70: 6 | J70: 6 | L70: =H70/G70 -> 0.2
A71: MERVEILLEUX | B71: R028856 | C71: 625140 - VOYAGES ET DEPLACEMENTS | D71: 2017-02-13 | E71: 1 | F71: 9 | G71: 390.11 | H71: 56.4 | I71: 446.51 | J71: 446.51 | L71: =H71/G71 -> 0.14457461
A72: MERVEILLEUX | B72: R028856 | C72: 625600 - MISSIONS | D72: 2017-02-13 | E72: 1 | F72: 8 | G72: 331.11 | H72: 33.1 | I72: 364.21 | J72: 364.21 | L72: =H72/G72 -> 0.099966778
A73: MERVEILLEUX | B73: R028856 | C73: 625700 - RECEPTIONS | D73: 2017-02-13 | E73: 1 | F73: 4 | G73: 373.79 | H73: 74.75 | I73: 448.54 | J73: 448.54 | L73: =H73/G73 -> 0.1999786
A74: MERVEILLEUX | B74: R037923 | C74: 625140 - VOYAGES ET DEPLACEMENTS | D74: 2017-02-13 | E74: 1 | F74: 5 | G74: 178.92 | H74: 30.55 | I74: 209.47 | J74: 209.47 | L74: =H74/G74 -> 0.1707467
A75: MERVEILLEUX | B75: R037923 | C75: 625600 - MISSIONS | D75: 2017-02-13 | E75: 1 | F75: 4 | G75: 235.56 | H75: 23.55 | I75: 259.11 | J75: 259.11 | L75: =H75/G75 -> 0.099974529
A76: SOL | B76: R039978 | C76: 625140 - VOYAGES ET DEPLACEMENTS | D76: 2017-02-13 | E76: 1 | F76: 8 | G76: 388.66 | H76: 62.19 | I76: 450.85 | J76: 450.85 | L76: =H76/G76 -> 0.16001132
A77: VARLOUD | B77: R046916 | C77: 625140 - VOYAGES ET DEPLACEMENTS | D77: 2017-02-13 | E77: 1 | F77: 17 | G77: 341.42 | H77: 39.95 | I77: 381.37 | J77: 381.37 | L77: =H77/G77 -> 0.11701131
A78: VARLOUD | B78: R046916 | C78: 625600 - MISSIONS | D78: 2017-02-13 | E78: 1 | F78: 10 | G78: 389.27 | H78: 38.93 | I78: 428.2 | J78: 428.2 | L78: =H78/G78 -> 0.10000771

Sheet résultat
A1: N° d'écriture | B1: Ecriture à extourner ? | C1: Motif de l'extourne | D1: Date d'extourne | E1: Société | F1: Type de pièce | G1: Devise | H1: Date comptable | I1: Date de pièce | J1: Libellé d'écriture | K1: Référence | L1: Type de compte | M1: Numéro du compte fournisseur/client/compte | N1: Code CGS | O1: Investissement ? | P1: Montant | Q1: Sens | R1: Code TVA | S1: Montant de base TVA | T1: Libellé du poste | U1: Affectation | V1: Centre de coûts
A3: =IF(K3=K2,A2,A2+1) -> 1 | F3: SA | G3: EUR | H3: 42779 | I3: 42779 | K3: ='Reporting (6)'!B15 -> R032463 | M3: =VLOOKUP('Reporting (6)'!C15,map!A:B,2,FALSE) -> 62510000 | P3: =ABS('Reporting (6)'!G15) -> 5.5 | Q3: =IF('Reporting (6)'!G15>0,"D","C") -> C | R3: =IF('Reporting (6)'!H15/'Reporting (6)'!G15=0.2,"V6",IF('Reporting (6)'!H15=0,"V0","?")) -> V6 | T3: ='Reporting (6)'!A15&" "&"NDF" -> AUBRY NDF | V3: =VLOOKUP(LEFT(T3,FIND(" ",T3)-1),'salarie CC'!C:E,3,FALSE) -> 0104A5Q000
A4: =IF(K4=K3,A3,A3+1) -> 1 | F4: SA | G4: EUR | H4: 42779 | I4: 42779 | K4: ='Reporting (6)'!B16 -> R032463 | M4: =VLOOKUP('Reporting (6)'!C16,map!A:B,2,FALSE) -> 62560000 | P4: =ABS('Reporting (6)'!G16) -> 79.55 | Q4: =IF('Reporting (6)'!G16>0,"D","C") -> D | R4: =IF('Reporting (6)'!H16/'Reporting (6)'!G16=0.2,"V6",IF('Reporting (6)'!H16=0,"V0","?")) -> ? | T4: ='Reporting (6)'!A16&" "&"NDF" -> AUBRY NDF | V4: =VLOOKUP(LEFT(T4,FIND(" ",T4)-1),'salarie CC'!C:E,3,FALSE) -> 0104A5Q000
A5: =IF(K5=K4,A4,A4+1) -> 1 | F5: SA | G5: EUR | H5: 42779 | I5: 42779 | K5: ='Reporting (6)'!B17 -> R032463 | M5: =VLOOKUP('Reporting (6)'!C17,map!A:B,2,FALSE) -> 62620000 | P5: =ABS('Reporting (6)'!G17) -> 29.16 | Q5: =IF('Reporting (6)'!G17>0,"D","C") -> D | R5: =IF('Reporting (6)'!H17/'Reporting (6)'!G17=0.2,"V6",IF('Reporting (6)'!H17=0,"V0","?")) -> ? | T5: ='Reporting (6)'!A17&" "&"NDF" -> AUBRY NDF | V5: =VLOOKUP(LEFT(T5,FIND(" ",T5)-1),'salarie CC'!C:E,3,FALSE) -> 0104A5Q000
A6: =IF(K6=K5,A5,A5+1) -> 1 | F6: SA | G6: EUR | H6: 42779 | I6: 42779 | K6: R032463 | M6: 44566000 | P6: =SUMIF('Reporting (6)'!B15:B24,résultat!K5,'Reporting (6)'!H15:H24) -> 12.68 | Q6: =IF(P6>0,"D","C") -> D | R6: V6 | T6: ='Reporting (6)'!A18&" "&"NDF" -> AUBRY NDF | V6: =VLOOKUP(LEFT(T6,FIND(" ",T6)-1),'salarie CC'!C:E,3,FALSE) -> 0104A5Q000
A7: =IF(K7=K6,A6,A6+1) -> 1 | F7: SA | G7: EUR | H7: 42779 | I7: 42779 | K7: R032463 | M7: 42866000 | P7: =SUMIF('Reporting (6)'!B:B,résultat!K7,'Reporting (6)'!I:I) -> 115.89 | Q7: =IF(P7>0,"C","D") -> C | R7: V6 | T7: ='Reporting (6)'!A19&" "&"NDF" -> AUBRY NDF | V7: =VLOOKUP(LEFT(T7,FIND(" ",T7)-1),'salarie CC'!C:E,3,FALSE) -> 0104A5Q000
A8: =IF(K8=K7,A7,A7+1) -> 2 | F8: SA | G8: EUR | H8: 42779 | I8: 42779 | K8: ='Reporting (6)'!B18 -> R053243 | M8: =VLOOKUP('Reporting (6)'!C18,map!A:B,2,FALSE) -> 61810000 | P8: =ABS('Reporting (6)'!G18) -> 19.59 | Q8: =IF('Reporting (6)'!G18>0,"D","C") -> D | R8: =IF('Reporting (6)'!H18/'Reporting (6)'!G18=0.2,"V6",IF('Reporting (6)'!H18=0,"V0","?")) -> ? | T8: ='Reporting (6)'!A20&" "&"NDF" -> AUBRY NDF | V8: =VLOOKUP(LEFT(T8,FIND(" ",T8)-1),'salarie CC'!C:E,3,FALSE) -> 0104A5Q000
A9: =IF(K9=K8,A8,A8+1) -> 2 | F9: SA | G9: EUR | H9: 42779 | I9: 42779 | K9: ='Reporting (6)'!B19 -> R053243 | M9: =VLOOKUP('Reporting (6)'!C19,map!A:B,2,FALSE) -> 62320000 | P9: =ABS('Reporting (6)'!G19) -> 20.45 | Q9: =IF('Reporting (6)'!G19>0,"D","C") -> D | R9: =IF('Reporting (6)'!H19/'Reporting (6)'!G19=0.2,"V6",IF('Reporting (6)'!H19=0,"V0","?")) -> V0 | T9: ='Reporting (6)'!A21&" "&"NDF" -> BERTET NDF | V9: =VLOOKUP(LEFT(T9,FIND(" ",T9)-1),'salarie CC'!C:E,3,FALSE) -> 0104A1C300
A10: =IF(K10=K9,A9,A9+1) -> 2 | F10: SA | G10: EUR | H10: 42779 | I10: 42779 | K10: ='Reporting (6)'!B20 -> R053243 | M10: =VLOOKUP('Reporting (6)'!C20,map!A:B,2,FALSE) -> 62510000 | P10: =ABS('Reporting (6)'!G20) -> 71.85 | Q10: =IF('Reporting (6)'!G20>0,"D","C") -> D | R10: =IF('Reporting (6)'!H20/'Reporting (6)'!G20=0.2,"V6",IF('Reporting (6)'!H20=0,"V0","?")) -> ? | T10: ='Reporting (6)'!A22&" "&"NDF" -> BERTET NDF | V10: =VLOOKUP(LEFT(T10,FIND(" ",T10)-1),'salarie CC'!C:E,3,FALSE) -> 0104A1C300
A11: =IF(K11=K10,A10,A10+1) -> 2 | F11: SA | G11: EUR | H11: 42779 | I11: 42779 | K11: R053243 | M11: 44566000 | P11: =SUMIF('Reporting (6)'!B20:B29,résultat!K10,'Reporting (6)'!H20:H29) -> 0.75 | Q11: =IF(P11>0,"D","C") -> D | R11: V6 | T11: ='Reporting (6)'!A23&" "&"NDF" -> BERTET NDF | V11: =VLOOKUP(LEFT(T11,FIND(" ",T11)-1),'salarie CC'!C:E,3,FALSE) -> 0104A1C300
A12: =IF(K12=K11,A11,A11+1) -> 2 | F12: SA | G12: EUR | H12: 42779 | I12: 42779 | K12: R053243 | M12: 42866000 | P12: =SUMIF('Reporting (6)'!B:B,résultat!K12,'Reporting (6)'!I:I) -> 113.05 | Q12: =IF(P12>0,"C","D") -> C | R12: V6 | T12: ='Reporting (6)'!A24&" "&"NDF" -> BERTET NDF | V12: =VLOOKUP(LEFT(T12,FIND(" ",T12)-1),'salarie CC'!C:E,3,FALSE) -> 0104A1C300
A20: colonne A : SI(K3=K2;A2;A2+1)
A21: colonne F : "SA"
A22: colonne G : "EUR"
A23: colonne H : si(K3=K2;RECHERCHE dans 'REPORTING' colonne D)
A24: colonne I : = colonne H
A25: colonne K : = 'Reporting' colonne B
A26: colonne M : = colonne C (correspond aux charges suivant le mapping qui se trouve dans l'onglet "map")+ rajouter pour chaque pièces 2 lignes => le compte 44566000 (tva) ET le compte 42860000 (ndf)
A27: colonne P : pour chaque ligne de charge reporter de l'onglet 'Reporting' la colonne G "HT" puis pour la ligne du compte de tva reporter la somme de la colonne H et pour la ligne du compte ndf reporter la somme de la colonne I
A28: colonne Q : si le montant de la colonne P pour les lignes dont les comptes commencent par 6 et par 445660 est >0 alors mettre "D" sinon mettre "C" et à l'inverse si le montant de la colonne P concernant la ligne du compte 428660 est >0 alors "C" sinon "D"
A29: colonne R : SI('Reporting (6)'!H15/'Reporting (6)'!G15=0,2;"V6";SI('Reporting (6)'!H15=0;"V0";"?"))
A30: colonne T : 'Reporting (6)'!A&" "&"NDF"
A31: colonne V : RECHERCHEV(GAUCHE(T3;TROUVE(" ";T3)-1);'salarie CC'!C:E;3;FAUX)
